 Dungeon Crawl Stone Soup version 0.31-a0-175-g9f7f995f2b (webtiles) character file.

Game seed: 1857532569816622769

12846 qw the Cleaver (level 11, -6/72 HPs)
             Began as a Gargoyle Fighter on June 17, 2023.
             Was an Elder of Okawaru.
             Mangled by a komodo dragon (24 damage)
             ... on level 1 of the Lair of Beasts.
             The game lasted 00:05:10 (10078 turns).

qw the Cleaver (Gargoyle Fighter)                  Turns: 10078, Time: 00:05:10

Health: -6/72      AC: 30    Str: 30    XL:     11   Next: 99%
Magic:  14/14      EV: 10    Int:  9    God:    Okawaru [****..]
Gold:   105        SH: 11    Dex:  9    Spells: 10/10 levels left

rFire   . . .        Y - +0 broad axe (chaos)
rCold   . . .        c - +0 buckler
rNeg    + . .        m - +0 plate armour
rPois   inf          j - +0 helmet
rElec   +            g - +0 cloak
rCorr   .            b - +0 pair of gloves
SInv    .            r - +0 pair of boots
Will    .....        q - amulet of reflection Stlth
                     k - +6 ring of strength
HPRegen 0.32/turn    (no ring)
MPRegen 0.14/turn

%: reflection
@: about to teleport, heroic
A: sickness immunity, AC +8, negative energy resistance 1, electricity
resistance, torment resistance 1, petrification resistance
a: Renounce Religion, Heroism, Finesse


You were on level 1 of the Lair of Beasts.
You worshipped Okawaru.
Okawaru was greatly pleased with you.
You visited 2 branches of the dungeon, and saw 12 of its levels.

You collected 567 gold pieces.
You spent 462 gold pieces at shops.


Innate Abilities, Weirdness & Mutations

You are immune to sickness and miasma.
Your stone body is resilient. (AC +8)
You are immune to poison.
You resist negative energy. (rN+)
You are resistant to electric shocks. (rElec)
You are resistant to unholy torment.
You are immune to petrification.


   Skills:
 + Level 9.7(14.7) Fighting
 - Level 12.0(17.0) Axes
 - Level 3.0(8.0) Throwing
 - Level 9.1(14.1) Armour
 - Level 2.1(7.1) Dodging
 - Level 6.0(11.0) Shields
 + Level 5.0 Invocations


You had 10 spell levels left.
You didn't know any spells.
Your spell library was empty.

Inventory:

Hand Weapons
 s - a +1 war axe of flaming
 Y - a +0 broad axe of chaos (weapon)
Missiles
 x - 9 boomerangs
Armour
 b - a +0 pair of gloves (worn)
 c - a +0 buckler (worn)
 g - a +0 cloak (worn)
 j - a +0 helmet (worn)
 m - a +0 plate armour (worn)
 r - a +0 pair of boots (worn)
Jewellery
 k - a +6 ring of strength (left hand)
 o - a ring of ice
 q - an amulet of reflection (around neck)
Scrolls
 a - 4 scrolls of teleportation
 h - a scroll of identify
Potions
 d - 3 potions of might
 e - a potion of enlightenment
 i - 3 potions of curing
 l - 3 potions of lignification
 n - 2 potions of attraction
 p - 2 potions of cancellation
 u - a potion of magic {unknown}
 v - a potion of invisibility {unknown}
 z - a potion of ambrosia {unknown}

Dungeon Overview and Level Annotations

Branches:
Dungeon (10/15)            Temple (0/1) D:7            Lair (2/5) D:10
  Swamp: Lair:2-3    Shoals: Lair:2-3     Snake: Lair:2-3    Spider: Lair:2-3
    Orc: D:9-12

Altars:
Ashenzari
Cheibriados
Dithmenos
Fedhas
Hepliaklqana
Makhleb
Nemelex Xobeh
Okawaru
Ru
Sif Muna
Uskayaw
Wu Jian
The Shining One

Shops:
D:2 ?   D:6 (   D:10 *

Annotations:
D:2 1 runed translucent door, Crazy Yiuf
D:4 3 runed translucent doors, qw's ghost, amateur NaHu; qw's ghost, novice GrHu
D:6 exclusion: goblin
D:9 3 runed translucent doors, qw's ghost, novice MiHu
Lair:1 Nergalle


Message History

Orcish apparitions take form around you.
10075 ||| STAIRDANCE You block the komodo dragon's attack.
You block the elephant's attack. The elephant closely misses you.
The elephant tramples you but does no damage.
The elephant trunk-slaps you but does no damage.
The elephant tramples you but does no damage.
The elephant trunk-slaps you but does no damage.
You block Nergalle's attack.
The komodo dragon completely misses you.
The elephant barely misses you.
The elephant trunk-slaps you but does no damage.
You climb upwards.
The spectral orc warrior disappears in a puff of smoke!
The spectral orc knight disappears in a puff of smoke!
There is a stone staircase leading down here.
Enter note:
Enter note:
Enter note:
Enter note: You slash the komodo dragon!
The komodo dragon is almost dead.
You hit the elephant. Lightning courses through the elephant!
You hit the elephant but do no damage.
The elephant looks even sicker.
You barely miss Nergalle. You hit the elephant but do no damage.
You block the komodo dragon's attack.
Nergalle shouts, "Kill, kill, my pretties!"
Nergalle gestures at you while chanting.
Orcish apparitions take form around you.
You block the elephant's attack.
The elephant trunk-slaps you but does no damage.
The elephant tramples you!
You hold your ground!
The elephant trunk-slaps you but does no damage.
You block the elephant's attack.
The elephant trunk-slaps you but does no damage.
10078 ||| READING 5 scrolls of teleportation.
As you read the scroll of teleportation, it crumbles to dust.
You feel strangely unstable. The komodo dragon bites you!!
You die...

#..## #.#...## ##########.. ...##
#......###........... ....##
###.......##.##.#..#... .....####
#..(..............###..
........#####.......P#..##P.P##.#
.....##..# ##.....###.####.....#
....###.## ##...## #.# ##..P.#
...#.##..# ##ol####.# ##.#.#
#....##.## #Y@YZ##P.# #...#
##.#.##.# ##Y#.###.# #####
###.##.## ###.###.# ##.##..#
#####..##.#
#P..#.######.........##
####.##.................# #####
.........#####..........#####....
###......# #...................
###.#.## #.........).........


You could see 3 elephants, Nergalle (strong, drained), a komodo dragon (berserk)
and a spectral orc knight (summoned).

Vanquished Creatures
  Erica (D:9)
  Pikel (D:7)
  6 elephants
  A black mamba (Lair:1)
  5 cane toads (Lair:1)
  Joseph (D:7)
  A troll (D:10)
  Grinder (D:3)
  A polar bear (Lair:1)
  2 blink frogs (Lair:2)
  Sigmund (D:4)
  5 wyverns
  7 yaks
  A basilisk (Lair:1)
  2 steam dragons (D:7)
  Menkaure (D:5)
  5 water moccasins
  2 black bears
  5 sky beasts
  An orc warrior (D:9)
  2 ice beasts
  2 ogres
  3 centaurs
  2 kobold brigands (D:9)
  Blork the orc (D:5)
  7 bullfrogs
  2 scorpions
  15 killer bees
  2 electric eels (D:10)
  2 howler monkeys (D:9)
  3 hounds
  A jelly (D:7)
  5 orc priests
  2 sleepcaps
  Jessica (D:2)
  5 iguanas
  5 orc wizards
  Natasha (D:3)
  Robin (D:3)
  5 adders
  2 white imps
  4 worms
  A dart slug (D:4)
  17 orcs
  11 ball pythons
  2 bats
  5 endoplasms
  6 giant cockroaches
  15 goblins
  8 hobgoblins
  3 jackals (D:5)
  17 kobolds
  7 quokkas
  2 frilled lizards
  9 rats
226 creatures vanquished.

Notes
Turn   | Place    | Note
-------+----------+-------------------------------------------
     0 | D:1      | qw the Gargoyle Fighter began the quest for the Orb.
     0 | D:1      | Reached XP level 1. HP: 14/14 MP: 1/1
     0 | D:1      | 0 ||| qw: Version: 0.3-a-3-g30531e4
     0 | D:1      | 0 ||| qw: Game counter: 400
     0 | D:1      | 0 ||| qw: Always use a shield: true
     0 | D:1      | 0 ||| qw: God list: Okawaru
     0 | D:1      | 0 ||| qw: Allow faded altars: false
     0 | D:1      | 0 ||| qw: Do Orc after D:15 true
     0 | D:1      | 0 ||| qw: Do second Lair branch before Depths: true
     0 | D:1      | 0 ||| qw: Lair rune preference: random
     0 | D:1      | 0 ||| qw: Plans: Normal, Zot:1-4, Slime:5, God:TSO, Crypt,
                  | Tomb, Abyss, Pan, Hells, Win
     0 | D:1      | 0 ||| PLANNING D:1-11
    84 | D:1      | Reached skill level 2 in Axes
   148 | D:1      | Reached XP level 2. HP: 19/19 MP: 2/2
   639 | D:1      | Reached skill level 3 in Axes
   665 | D:1      | Reached XP level 3. HP: 22/23 MP: 3/3
   698 | D:1      | 698 ||| UPGRADING to +0 cloak.
   703 | D:1      | 703 ||| READING scroll labelled HIUCSI UFAE.
   704 | D:1      | 704 ||| READING scroll labelled ZERYFA QYRUERA.
   790 | D:2      | 790 ||| DROPPING +0 club.
   792 | D:2      | Found Qoch's Magic Scroll Shop.
   824 | D:2      | 824 ||| BUYING scroll of identify (28 gold).
   824 | D:2      | Bought a scroll of identify for 28 gold pieces
   824 | D:2      | 824 ||| SHOPLISTING scroll of identify (28 gold, have 6).
   824 | D:2      | 824 ||| SHOPLISTING scroll of teleportation (42 gold, have
                  | 6).
   910 | D:2      | Reached skill level 1 in Throwing
   930 | D:2      | Noticed Jessica
   932 | D:2      | 932 ||| Stepping ~*~*~tactically~*~*~ (hiding).
   934 | D:2      | 934 ||| Stepping ~*~*~tactically~*~*~ (hiding).
   939 | D:2      | Killed Jessica
   940 | D:2      | Reached XP level 4. HP: 26/28 MP: 4/4
  1086 | D:2      | Found a faded altar of an unknown god.
  1089 | D:2      | 1089 ||| Stepping ~*~*~tactically~*~*~ (stealth).
  1090 | D:2      | 1090 ||| Stepping ~*~*~tactically~*~*~ (stealth).
  1187 | D:2      | Found a glowing golden altar of the Shining One.
  1223 | D:2      | 1223 ||| Stepping ~*~*~tactically~*~*~ (stealth).
  1349 | D:2      | Reached skill level 4 in Axes
  1563 | D:2      | Found a runed translucent door.
  1564 | D:2      | Noticed Crazy Yiuf
  1657 | D:2      | 1657 ||| READING 2 scrolls labelled SENLAI CUWA.
  1687 | D:2      | 1687 ||| READING scroll labelled WUSHRO QODUUME.
  1688 | D:2      | 1688 ||| READING 2 scrolls labelled WEDWIO PESIFO.
  1689 | D:2      | 1689 ||| READING scroll labelled ROVVYXT LIOSK.
  1690 | D:2      | 1690 ||| DRINKING 2 bubbling purple potions.
  1739 | D:2      | 1739 ||| DROPPING scroll of vulnerability.
  1845 | D:3      | Found a blossoming altar of Fedhas.
  1851 | D:3      | 1851 ||| Stepping ~*~*~tactically~*~*~ (stealth).
  1857 | D:3      | Noticed Robin
  1858 | D:3      | 1858 ||| Stepping ~*~*~tactically~*~*~ (hiding).
  1860 | D:3      | 1860 ||| Stepping ~*~*~tactically~*~*~ (stealth).
  1861 | D:3      | 1861 ||| Stepping ~*~*~tactically~*~*~ (hiding).
  1864 | D:3      | Reached XP level 5. HP: 32/32 MP: 5/5
  1875 | D:3      | Killed Robin
  2011 | D:3      | 2011 ||| DROPPING +0 whip.
  2059 | D:3      | Noticed Grinder
  2068 | D:3      | 2068 ||| Stepping ~*~*~tactically~*~*~ (hiding).
  2069 | D:3      | 2069 ||| Stepping ~*~*~tactically~*~*~ (hiding).
  2080 | D:3      | Noticed Natasha
  2083 | D:3      | Paralysed by Grinder for 2 turns
  2086 | D:3      | Killed Grinder
  2087 | D:3      | Reached skill level 6 in Axes
  2087 | D:3      | Reached XP level 6. HP: 21/37 MP: 6/6
  2088 | D:3      | Killed Natasha
  2619 | D:3      | 2619 ||| DROPPING orb of light.
  2620 | D:3      | 2620 ||| UPGRADING to +0 helmet.
  2625 | D:3      | 2625 ||| DRINKING 2 smoky red potions.
  2626 | D:3      | 2626 ||| DROPPING potion of degeneration.
  2668 | D:4      | Noticed Sigmund
  2738 | D:4      | Killed Sigmund
  2739 | D:4      | Reached XP level 7. HP: 20/44 MP: 7/7
  3079 | D:4      | Found a sparkling altar of Nemelex Xobeh.
  3084 | D:4      | Found a shimmering blue altar of Sif Muna.
  3237 | D:4      | Found a runed translucent gate.
  3239 | D:4      | Found a runed translucent gate.
  3240 | D:4      | Found a runed translucent gate.
  3262 | D:4      | Reached skill level 7 in Axes
  3688 | D:4      | Noticed qw's ghost (amateur NaHu)
  3688 | D:4      | Noticed qw's ghost (amateur NaHu)
  3689 | D:4      | Noticed qw's ghost (novice GrHu)
  3692 | D:4      | 3692 ||| UPGRADING to +0 pair of boots.
  3697 | D:4      | 3697 ||| UPGRADING to amulet of regeneration.
  3702 | D:4      | 3702 ||| READING scroll labelled XIKEAC IKISMAE.
  3703 | D:4      | 3703 ||| READING scroll labelled XIR JOGUARRA.
  3704 | D:4      | 3704 ||| DRINKING 2 coppery potions.
  3705 | D:4      | 3705 ||| READING 2 scrolls of identify.
  3705 | D:4      | 3705 ||| IDENTIFYING lumpy dark potion
  3737 | D:5      | Entered Level 5 of the Dungeon
  3744 | D:5      | 3744 ||| Stepping ~*~*~tactically~*~*~ (stealth).
  3750 | D:5      | Reached skill level 1 in Dodging
  3750 | D:5      | Reached XP level 8. HP: 48/49 MP: 8/8
  3759 | D:5      | Noticed Menkaure
  3761 | D:5      | Noticed Blork the orc
  3765 | D:5      | Killed Menkaure
  3778 | D:5      | Killed Blork the orc
  3906 | D:5      | 3906 ||| Stepping ~*~*~tactically~*~*~ (hiding).
  3907 | D:5      | 3907 ||| Stepping ~*~*~tactically~*~*~ (hiding).
  3908 | D:5      | 3908 ||| Stepping ~*~*~tactically~*~*~ (hiding).
  3909 | D:5      | 3909 ||| Stepping ~*~*~tactically~*~*~ (hiding).
  3910 | D:5      | 3910 ||| Stepping ~*~*~tactically~*~*~ (hiding).
  3921 | D:5      | 3921 ||| Stepping ~*~*~tactically~*~*~ (stealth).
  3922 | D:5      | 3922 ||| Stepping ~*~*~tactically~*~*~ (stealth).
  3932 | D:5      | Reached skill level 8 in Axes
  4038 | D:5      | 4038 ||| Stepping ~*~*~tactically~*~*~ (stealth).
  4039 | D:5      | 4039 ||| Stepping ~*~*~tactically~*~*~ (stealth).
  4053 | D:5      | Found a hazy altar of Hepliaklqana.
  4054 | D:5      | 4054 ||| Stepping ~*~*~tactically~*~*~ (stealth).
  4056 | D:5      | 4056 ||| Stepping ~*~*~tactically~*~*~ (stealth).
  4057 | D:5      | 4057 ||| Stepping ~*~*~tactically~*~*~ (stealth).
  4058 | D:5      | 4058 ||| Stepping ~*~*~tactically~*~*~ (stealth).
  4234 | D:5      | 4234 ||| UPGRADING to +0 scale mail of cold resistance.
  4244 | D:5      | 4244 ||| DROPPING +0 scale mail.
  4245 | D:5      | 4245 ||| UPGRADING to +0 chain mail.
  4255 | D:5      | 4255 ||| READING 2 scrolls of identify.
  4255 | D:5      | 4255 ||| IDENTIFYING purple potion
  4268 | D:6      | Found Plog's Antique Weapon Shoppe.
  4276 | D:6      | 4276 ||| STAIRDANCE
  4288 | D:6      | 4288 ||| BUYING scorched flail (178 gold).
  4288 | D:6      | Bought a scorched flail for 178 gold pieces
  4288 | D:6      | Identified the +9 flail of qw's Exquisite Torment {elec,
                  | Int+5} (You bought it in a shop on level 6 of the Dungeon)
  4288 | D:6      | 4288 ||| DROPPING +0 flail.
  4375 | D:6      | Reached skill level 6 in Fighting
  4417 | D:6      | Found a shadowy altar of Dithmenos.
  4611 | D:6      | 4611 ||| Stepping ~*~*~tactically~*~*~ (stealth).
  4620 | D:6      | Reached XP level 9. HP: 56/56 MP: 9/9
  4702 | D:6      | Found a burning altar of Makhleb.
  5012 | D:6      | 5012 ||| Stepping ~*~*~tactically~*~*~ (stealth).
  5033 | D:6      | Found an iron altar of Okawaru.
  5034 | D:6      | 5034 ||| PLANNING OKAWARU WORSHIP
  5034 | D:6      | 5034 ||| READING scroll labelled DUTAIN IVEUS.
  5303 | D:6      | 5303 ||| READING 2 scrolls of identify.
  5303 | D:6      | 5303 ||| IDENTIFYING fuming grey potion
  5328 | D:6      | Became a worshipper of Warmaster Okawaru
  5329 | D:6      | 5329 ||| PLANNING D:1-11
  5565 | D:7      | Noticed Pikel
  5583 | D:7      | Killed Pikel
  5584 | D:7      | Reached skill level 9 in Axes
  5609 | D:7      | Reached * piety under Okawaru
  5610 | D:7      | 5610 ||| INVOKING Heroism.
  5611 | D:7      | 5611 ||| INVOKING Heroism.
  5656 | D:7      | Found a broken altar of Ashenzari.
  5743 | D:7      | You fall into a shaft and drop 1 floor!
  5802 | D:8      | 5802 ||| Stepping ~*~*~tactically~*~*~ (hiding).
  5804 | D:8      | 5804 ||| Stepping ~*~*~tactically~*~*~ (hiding).
  5806 | D:8      | 5806 ||| Stepping ~*~*~tactically~*~*~ (stealth).
  5807 | D:8      | 5807 ||| Stepping ~*~*~tactically~*~*~ (stealth).
  5808 | D:8      | 5808 ||| Stepping ~*~*~tactically~*~*~ (hiding).
  5810 | D:8      | 5810 ||| Stepping ~*~*~tactically~*~*~ (hiding).
  5812 | D:8      | 5812 ||| INVOKING Heroism.
  5818 | D:8      | 5818 ||| DRINKING 2 potions of curing.
  5818 | D:8      | 5818 ||| (to cure confusion)
  5819 | D:8      | 5819 ||| DRINKING potion of curing.
  5819 | D:8      | 5819 ||| (to cure confusion)
  5896 | D:8      | 5896 ||| INVOKING Heroism.
  5899 | D:8      | Reached skill level 10 in Axes
  5899 | D:8      | Reached skill level 1 in Invocations
  5903 | D:8      | Reached XP level 10. HP: 24/63 MP: 7/11
  5904 | D:8      | HP: 14/63 [yak (12)]
  5905 | D:8      | 5905 ||| READING 3 scrolls of teleportation.
  5909 | D:8      | 5909 ||| INVOKING Heroism.
  5914 | D:8      | Reached skill level 6 in Armour
  5914 | D:8      | Reached skill level 3 in Invocations
  5981 | D:8      | 5981 ||| UPGRADING to +6 ring of strength.
  6077 | D:7      | 6077 ||| SWAPPING to +0 broad axe.
  6103 | D:7      | 6103 ||| DROPPING +1 war axe.
  6153 | D:7      | Found a glowing golden altar of the Shining One.
  6315 | D:7      | 6315 ||| Stepping ~*~*~tactically~*~*~ (hiding).
  6326 | D:7      | Noticed Joseph
  6353 | D:7      | Killed Joseph
  6353 | D:7      | Reached ** piety under Okawaru
  6389 | D:7      | 6389 ||| Stepping ~*~*~tactically~*~*~ (hiding).
  6395 | D:7      | 6395 ||| INVOKING Heroism.
  6403 | D:7      | 6403 ||| Stepping ~*~*~tactically~*~*~ (stealth).
  6419 | D:7      | 6419 ||| INVOKING Heroism.
  6513 | D:7      | Found a staircase to the Ecumenical Temple.
  6771 | D:7      | 6771 ||| DROPPING +0 ring mail of poison resistance.
  6772 | D:7      | 6772 ||| READING scroll labelled JEK JYMINKIENUHYZO.
  6868 | D:8      | Noticed a +0 short sword
  6869 | D:8      | Noticed a +0 spear
  6869 | D:8      | Noticed a +0 dagger
  6870 | D:8      | Noticed a +0 falchion
  6871 | D:8      | Noticed a +0 short sword
  6893 | D:8      | Found a hide-covered altar of Uskayaw.
  6894 | D:8      | Noticed a +0 spear
  6974 | D:8      | 6974 ||| INVOKING Heroism.
  7027 | D:8      | 7027 ||| Stepping ~*~*~tactically~*~*~ (stealth).
  7028 | D:8      | 7028 ||| Stepping ~*~*~tactically~*~*~ (stealth).
  7030 | D:8      | 7030 ||| Stepping ~*~*~tactically~*~*~ (hiding).
  7227 | D:8      | Reached skill level 3 in Throwing
  7258 | D:8      | Noticed a +0 falchion
  7259 | D:8      | Noticed a +0 dagger
  7267 | D:8      | 7267 ||| READING 2 scrolls of identify.
  7267 | D:8      | 7267 ||| IDENTIFYING inky potion
  7268 | D:8      | 7268 ||| DROPPING potion of brilliance.
  7322 | D:9      | Found an ornate altar of the Wu Jian Council.
  7348 | D:9      | 7348 ||| Stepping ~*~*~tactically~*~*~ (hiding).
  7430 | D:9      | 7430 ||| INVOKING Heroism.
  7536 | D:9      | 7536 ||| Stepping ~*~*~tactically~*~*~ (hiding).
  7542 | D:9      | 7542 ||| INVOKING Heroism.
  7567 | D:9      | Noticed Erica
  7568 | D:9      | 7568 ||| Stepping ~*~*~tactically~*~*~ (stealth).
  7577 | D:9      | 7577 ||| Stepping ~*~*~tactically~*~*~ (stealth).
  7639 | D:9      | 7639 ||| INVOKING Heroism.
  7642 | D:9      | Reached skill level 11 in Axes
  7785 | D:9      | Found a runed translucent gate.
  7785 | D:9      | Found a runed translucent gate.
  7786 | D:9      | Found a runed translucent gate.
  7818 | D:9      | 7818 ||| Stepping ~*~*~tactically~*~*~ (stealth).
  7819 | D:9      | 7819 ||| Stepping ~*~*~tactically~*~*~ (stealth).
  7820 | D:9      | 7820 ||| Stepping ~*~*~tactically~*~*~ (stealth).
  7822 | D:9      | 7822 ||| Stepping ~*~*~tactically~*~*~ (stealth).
  7823 | D:9      | 7823 ||| Stepping ~*~*~tactically~*~*~ (stealth).
  7825 | D:9      | 7825 ||| Stepping ~*~*~tactically~*~*~ (hiding).
  7826 | D:9      | 7826 ||| Stepping ~*~*~tactically~*~*~ (hiding).
  7827 | D:9      | 7827 ||| Stepping ~*~*~tactically~*~*~ (hiding).
  7828 | D:9      | 7828 ||| Stepping ~*~*~tactically~*~*~ (hiding).
  7829 | D:9      | 7829 ||| Stepping ~*~*~tactically~*~*~ (hiding).
  7830 | D:9      | 7830 ||| Stepping ~*~*~tactically~*~*~ (hiding).
  7836 | D:9      | Reached XP level 11. HP: 66/69 MP: 14/14
  7981 | D:9      | Noticed qw's ghost (novice MiHu)
  8064 | D:9      | 8064 ||| Stepping ~*~*~tactically~*~*~ (stealth).
  8066 | D:9      | 8066 ||| Stepping ~*~*~tactically~*~*~ (hiding).
  8067 | D:9      | 8067 ||| INVOKING Heroism.
  8077 | D:9      | Killed Erica
  8077 | D:9      | Reached *** piety under Okawaru
  8078 | D:9      | Reached skill level 9 in Fighting
  8233 | D:9      | 8233 ||| UPGRADING to +0 plate armour.
  8243 | D:9      | 8243 ||| DROPPING +0 scale mail of cold resistance.
  8244 | D:9      | 8244 ||| DROPPING +0 chain mail.
  8253 | D:10     | Entered Level 10 of the Dungeon
  8256 | D:10     | 8256 ||| INVOKING Heroism.
  8341 | D:10     | 8341 ||| INVOKING Heroism.
  8402 | D:10     | 8402 ||| INVOKING Heroism.
  8495 | D:10     | Found a staircase to the Lair.
  8552 | D:10     | Found Efalen's General Store.
  8558 | D:10     | 8558 ||| BUYING +1 war axe of flaming (186 gold).
  8558 | D:10     | Bought a +1 war axe of flaming for 186 gold pieces
  8558 | D:10     | 8558 ||| BUYING potion of lignification (42 gold).
  8558 | D:10     | Bought a potion of lignification for 42 gold pieces
  8558 | D:10     | 8558 ||| SHOPLISTING scroll of enchant armour (105 gold,
                  | have 42).
  8558 | D:10     | 8558 ||| BUYING scroll of identify (28 gold).
  8558 | D:10     | Bought a scroll of identify for 28 gold pieces
  8558 | D:10     | 8558 ||| SHOPLISTING scroll of teleportation (42 gold, have
                  | 14).
  8558 | D:10     | 8558 ||| DROPPING +9 flail of qw's Exquisite Torment {elec,
                  | Int+5}.
  8690 | D:10     | Found a snail-covered altar of Cheibriados.
  8769 | D:10     | Found a flagged portal.
  8772 | D:10     | 8772 ||| Stepping ~*~*~tactically~*~*~ (hiding).
  8791 | D:10     | Found a sacrificial altar of Ru.
  9055 | D:10     | 9055 ||| PLANNING LAIR
  9055 | D:10     | 9055 ||| UPGRADING to +0 pair of gloves.
  9060 | D:10     | 9060 ||| READING scroll labelled LYNNOPT XUDAWI.
  9061 | D:10     | 9061 ||| READING 2 scrolls of identify.
  9061 | D:10     | 9061 ||| IDENTIFYING green potion
  9062 | D:10     | 9062 ||| DROPPING potion of berserk rage.
  9091 | Lair:1   | Entered Level 1 of the Lair of Beasts
  9092 | Lair:1   | 9092 ||| INVOKING Heroism.
  9111 | Lair:1   | Reached skill level 9 in Armour
  9151 | Lair:1   | 9151 ||| INVOKING Heroism.
  9170 | Lair:1   | Reached **** piety under Okawaru
  9179 | Lair:1   | 9179 ||| Stepping ~*~*~tactically~*~*~ (stealth).
  9181 | Lair:1   | 9181 ||| Stepping ~*~*~tactically~*~*~ (stealth).
  9195 | Lair:1   | 9195 ||| INVOKING Heroism.
  9255 | Lair:1   | 9255 ||| INVOKING Heroism.
  9361 | Lair:1   | 9361 ||| INVOKING Heroism.
  9412 | Lair:1   | 9412 ||| INVOKING Heroism.
  9645 | Lair:1   | 9645 ||| INVOKING Heroism.
  9655 | Lair:1   | Reached skill level 12 in Axes
  9919 | Lair:1   | 9919 ||| UPGRADING to amulet of reflection.
  9929 | Lair:1   | 9929 ||| DROPPING amulet of regeneration.
  9930 | Lair:1   | 9930 ||| DROPPING amulet of the acrobat.
  9931 | Lair:1   | 9931 ||| READING scroll labelled TYEPRI JUNIYJ.
 10032 | Lair:1   | 10032 ||| READING scroll labelled PAUZXI ASY NIE.
 10062 | Lair:2   | 10062 ||| INVOKING Heroism.
 10063 | Lair:2   | Noticed Nergalle
 10073 | Lair:2   | Reached skill level 6 in Shields
 10075 | Lair:2   | 10075 ||| STAIRDANCE
 10077 | Lair:1   | HP: 17/72 [elephant (13)]
 10078 | Lair:1   | 10078 ||| READING 5 scrolls of teleportation.
 10078 | Lair:1   | Mangled by a komodo dragon

Levels and vault maps discovered:
D:1:      minmay_arrival_pointy, layout_loops_ring
D:2:      layout_loops_ring, shapermc_ecumenical_altar_gd, basic_altar,
          serial_shops, nicolae_shop_hallway_stairs, minmay_worlds_worst_comb,
          uniq_jessica, uniq_crazy_yiuf_cottage
D:3:      layout_loops_cross, mainiacjoe_overflow_cross_hatched,
          serial_aquarium, aquarium_bridge_straight [aquarium_subvault_bridge,
          aquarium_subvault_balcony, aquarium_subvault_bridge,
          aquarium_subvault_window], aquarium_window_2,
          aquarium_window_corridor_3, aquarium_window_2, aquarium_view_2c,
          aquarium_view_2e, aquarium_balcony_5a, uniq_grinder, uniq_robin,
          uniq_natasha
D:4:      layout_gridville, mainiacjoe_overflow_tiny_flanked,
          mainiacjoe_overflow_catwalk, gammafunk_ghost_cemetery, uniq_sigmund
D:5:      layout_cave_pools, nicolae_overflow_crystal_walls, uniq_menkaure,
          uniq_blork_the_orc
D:6:      layout_basic, kennysheep_okawaru_gauntlet,
          mainiacjoe_overflow_boulevard, lightli_temple_of_fire, serial_glass,
          glass_columns_a, glass_columns_b, serial_shops, nicolae_stop_n_shop_2
D:7:      minmay_recursive_quarters, layout_cave_pods, kennysheep_mini_moat,
          tso_altar, minmay_temple_entry_crystal_x, uniq_pikel, uniq_joseph
D:8:      layout_cave_pools, nicolae_uskayaw_en_pointe
D:9:      layout_basic, nzn_wu_jian_contemplation, gammafunk_ghost_spectres,
          uniq_erica
D:10:     layout_basic, nicolae_ru_awakened_eye, mainiacjoe_overflow_chevrons,
          enter_bailey_5, serial_shops, shop
Lair:1:   layout_loops_ring, lemuel_fruit_tree, lemuel_fruit_fields
Lair:2:   layout_gridlike, minivault_25, st_stairs_9,
          hangedman_lair_unloving_vines, uniq_nergalle

Skill      XL: |  1  2  3  4  5  6  7  8  9 10 11 |
---------------+----------------------------------+-----
Axes           | 2 3 4 6 7 8 10 11 12 | 12.0
Throwing       | 1 2 3 |  3.0
Fighting       | 5 6 7 8 9 |  9.7
Dodging        | 1 2 |  2.1
Armour         | 4 5 6 9 |  9.1
Shields        | 4 5 6 |  6.0
Invocations    | 2 4 5 |  5.0

Action                     |  1- 3 |  4- 6 |  7- 9 | 10-12 || total
---------------------------+-------+-------+-------+-------++-------
  Melee: War axe           |    66 |    87 |   222 |    14 ||   389
         Broad axe         |       |       |       |   380 ||   380
  Throw: Javelin           |    10 |    32 |    51 |    24 ||   117
         Boomerang         |       |       |       |     8 ||     8
 Invoke: Heroism           |       |       |     3 |    19 ||    22
    Use: Scroll            |     2 |     4 |     6 |     8 ||    20
         Potion            |       |     2 |     3 |       ||     5
   Stab: Petrifying        |       |       |       |     1 ||     1
 Armour: Scale mail        |    29 |    63 |    44 |       ||   136
         Chain mail        |       |       |   116 |   127 ||   243
         Skin              |       |       |     6 |       ||     6
         Plate armour      |       |       |       |   155 ||   155
  Dodge: Dodged            |    22 |    57 |   112 |   185 ||   376
  Block: Buckler           |     8 |    18 |    43 |   124 ||   193

Table legend:
 A = Non-vault XP
 B = Vault XP
 C = Vault XP percentage of total XP
 D = Non-vault monster count
 E = Vault monster count
 F = Vault count percentage of total count
                 A         B        C        D         E       F
            +---------+---------+-------+---------+---------+-------
      Total |   14445 |    3907 |  21.3 |     189 |      37 |  16.4
            +---------+---------+-------+---------+---------+-------
        D:1 |      34 |       0 |   0.0 |      20 |       0 |   0.0
        D:2 |      64 |      43 |  40.2 |      20 |       4 |  16.7
        D:3 |      34 |     363 |  91.4 |      14 |      13 |  48.1
        D:4 |     400 |     231 |  36.6 |      17 |       1 |   5.6
        D:5 |     469 |     259 |  35.6 |      16 |       2 |  11.1
        D:6 |     562 |       2 |   0.4 |      10 |       1 |   9.1
        D:7 |     777 |    2154 |  73.5 |      12 |      11 |  47.8
        D:8 |    2350 |       0 |   0.0 |      21 |       0 |   0.0
        D:9 |    1508 |     847 |  36.0 |      22 |       1 |   4.3
       D:10 |     907 |       8 |   0.9 |      14 |       4 |  22.2
     Lair:1 |    6336 |       0 |   0.0 |      20 |       0 |   0.0
     Lair:2 |    1004 |       0 |   0.0 |       3 |       0 |   0.0
            +---------+---------+-------+---------+---------+-------
